 Dungeon Crawl Stone Soup version 0.28.0 (webtiles) character file.

Game seed: 17691838673546009188

56 SnakkuSnakku7 the Charlatan (level 3, -2/20 HPs)
             Began as a Deep Elf Artificer on Feb 16, 2022.
             Slain by Sigmund (8 damage)
             ... on level 2 of the Dungeon.
             The game lasted 00:02:09 (1714 turns).

SnakkuSnakku7 the Charlatan (Deep Elf Artificer)    Turns: 1714, Time: 00:02:09

Health: -2/20      AC:  3    Str: 11    XL:     3   Next: 69%
Magic:  0/5        EV: 11    Int: 15    God:
Gold:   41         SH:  3    Dex: 15    Spells: 2/2 levels left

rFire   . . .      SeeInvis .   a - +0 hunting sling
rCold   . . .      Faith    .   l - +0 buckler
rNeg    . . .      Spirit   +   b - +0 leather armour
rPois   .          Reflect  .   (no helmet)
rElec   .          Harm     .   (no cloak)
rCorr   .          Rampage  .   (no gloves)
Will    .....                   (no boots)
Stlth   ++........              g - amulet of guardian spirit
HPRegen 0.06/turn               (no ring)
MPRegen 0.09/turn               (no ring)

@: no status effects
A: no striking features
a: no special abilities


You were on level 2 of the Dungeon.
You visited 1 branch of the dungeon, and saw 2 of its levels.

You collected 41 gold pieces.

Inventory:

Hand Weapons
 a - a +0 hunting sling (weapon)
 f - a +0 club
Missiles
 h - 15 sling bullets
 i - 38 stones (quivered ammo)
Armour
 b - a +0 leather armour (worn)
 l - a +0 buckler (worn)
Jewellery
 g - an amulet of guardian spirit (around neck)
Wands
 c - a wand of flame (9)
 d - a wand of charming (15)
Scrolls
 j - a scroll of noise {unknown}
 k - a scroll of teleportation {unknown}
 m - 3 scrolls of identify {unknown}
Potions
 n - a potion of attraction {unknown}
Miscellaneous
 e - a piece from Xom's chessboard (15/15)


   Skills:
 - Level 0.7 Fighting
 + Level 2.5 Slings
 - Level 0.7 Armour
 - Level 2.4 Dodging
 - Level 1.2 Stealth
 - Level 3.5 Evocations


You had 2 spell levels left.
You didn't know any spells.
Your spell library contained the following spells:

 Spells                   Type           Power      Damage    Failure   Level
 Foxfire                  Conj/Fire      0%         2x1d4     45%         1
 Conjure Flame            Conj/Fire      0%         6-21      83%         3
 Inner Flame              Hex/Fire       0%         N/A       83%         3
 Flame Wave               Conj/Fire      0%         2d4       99%         4
 Fireball                 Conj/Fire      0%         3d3       100%        5
 Iskenderun's Battlesphe  Conj           0%         2d6       100%        5
 Conjure Ball Lightning   Conj/Air       0%         3x3d6     100%        6
 Orb of Destruction       Conj           0%         9d5       100%        7


Dungeon Overview and Level Annotations

Branches:
Dungeon (2/15)

Altars:
Yredelemnul

Annotations:
D:2 Sigmund


Message History

The puff of flame hits Sigmund.
Sigmund is heavily wounded.
Aiming: Throw Flame
Press: ? - help, Q - select action, (/) - cycle Shift-Dir - straight line, f/p - Sigmund
Aim: Sigmund, wielding a +0 scythe and wearing a +0 robe (heavily wounded, 68% to hit)
The puff of flame hits Sigmund.
Sigmund is severely wounded.
Aiming: Throw Flame
Press: ? - help, Q - select action, (/) - cycle Shift-Dir - straight line, f/p - Sigmund
Aim: Sigmund, wielding a +0 scythe and wearing a +0 robe (severely wounded, 68% to hit)
The puff of flame hits Sigmund.
Sigmund is almost dead.
Okay, then.
Fire: 16 sling bullets
Press: ? - help, Shift-Dir - straight line, f/p - Sigmund
Aim: Sigmund, wielding a +0 scythe and wearing a +0 robe (almost dead, 55% to hit)
You shoot a sling bullet.
The sling bullet hits Sigmund but does no damage.
Sigmund is almost dead.
Sigmund points at you and mumbles some strange words.
You are confused.
You're too confused to move!
Sigmund drinks a potion.
Sigmund is healed!
There is an open door here.
You bump into the rock wall.
Sigmund points at you and mumbles some strange words.
You are more confused.
You bump into the rock wall.
Sigmund closely misses you.
You bump into the rock wall.
Sigmund gestures wildly while chanting.
Sigmund flickers and vanishes!
Deactivating autopickup; reactivate with Ctrl-A.
Something hits you!
You're too confused to move!
Something hits you!
* * * LOW HITPOINT WARNING * * *
You feel less confused.
Aiming: Throw Flame
Press: ? - help, Shift-Dir - straight line The puff of flame hits something!
Something hits you!
You die...

.......# #.........#.#.##
#.#.##. .......#
#......>.......# #.#.##.
.......###.........#.#†.#
#.#.<#.
..............#'#..#.#..#
#.#..#.
+#+############.#..#.#..#
#.#..#. . #####.#..#.#..#
#.#..#. !.. +.....#..#.#..#
#.#..#. .....##...#####.#..#
#....#.
.....('...{@....#..######.#.
.....##...#######.........#.
... #...# #..##.#####. [
#...# #..##.# #. #...#
#..##.# #. #...# #..##.# #.
#...# #.....# #. #...#
#.##### #. #.# #.


There were no monsters in sight!

Vanquished Creatures
  Jessica (D:2)
  3 ball pythons (D:1)
  An endoplasm (D:1)
  2 giant cockroaches
  3 goblins
  2 hobgoblins (D:1)
  3 jackals (D:1)
  A kobold (D:1)
  3 quokkas
  3 bats
  2 frilled lizards (D:1)
  2 rats (D:1)
26 creatures vanquished.

Notes
Turn   | Place    | Note
-------+----------+-------------------------------------------
     0 | D:1      | SnakkuSnakku7 the Deep Elf Artificer began the quest for
                  | the Orb.
     0 | D:1      | Reached XP level 1. HP: 11/11 MP: 3/3
   496 | D:1      | Reached XP level 2. HP: 16/16 MP: 4/4
   496 | D:1      | Found a faded altar of an unknown god.
   506 | D:1      | Reached skill level 1 in Slings
  1267 | D:2      | Found a basalt altar of Yredelemnul.
  1457 | D:2      | Noticed Jessica
  1465 | D:2      | Killed Jessica
  1466 | D:2      | Reached XP level 3. HP: 20/20 MP: 5/5
  1695 | D:2      | Noticed Sigmund
  1714 | D:2      | Slain by Sigmund

Illustrated notes

Levels and vault maps discovered:
D:1:      amcnicky_arrival_single_pillar, layout_loops_cross,
          dreamdust_ecumenical_altar_statues
D:2:      layout_basic, basic_altar, uniq_sigmund, uniq_jessica

Skill      XL: |  1  2 |
---------------+-------+-----
Slings         | 2 |  2.5
Fighting       | |  0.7
Armour         | |  0.7
Dodging        | |  2.4
Stealth        | |  1.2
Evocations     | |  3.5

Action                   || total
-------------------------++-------
Melee: Club              ||    30
 Fire: Hunting sling     ||    74
Evoke: Wand              ||     6
Armor: Leather armour    ||    18
Dodge: Dodged            ||    50
Block: Buckler           ||     6
